 Dungeon Crawl Stone Soup version bcrawl-1.40.3b (webtiles) character file.

Game seed: 1543352824826175172

649788 Galewind the Devastator (level 16, -17/101 HPs)
             Began as an Avariel Conjurer on Mar 13, 2024.
             Was the Champion of Vehumet.
             Blown up by an orb spider (42 damage)
             ... with an orb of destruction
             ... on level 2 of the Spider Nest.
             The game lasted 00:27:05 (19268 turns).

Galewind the Devastator (Avariel Conjurer)         Turns: 19268, Time: 00:27:05

Health: -17/101    AC: 10    Str:  6    XL:     16   Next: 47%
Magic:  26/37      EV: 25    Int: 45    God:    Vehumet [******]
Gold:   301        SH:  0    Dex: 13    Spells: 10/45 levels left

rFire    + . .     GDR:     25% x - +6 mace of Disharmony {crush, rC++ Int+3}
rCold    + + +     SeeInvis .   (no shield)
rNeg     . . .     Gourm    .   q - +2 robe {MR+}
rPois    .         Faith    .   R - +2 hat
rElec    +         Spirit   .   Q - scarf {rC+ rF+}
rCorr    .         Reflect  .   j - +0 pair of hand wraps "Fists of Thunder" {elec, rElec Slay+2}
MR       ++...                  U - +2 pair of boots
Stlth    ++........             n - amulet of magic regeneration
HPRegen  0.26/turn              Z - +7 ring of intelligence
MPRegen  0.59/turn              s - +6 ring of intelligence

@: marked, no potions, flying quickly and evasively, quick
A: able to fly
a: Stop Flying, Renounce Religion


You were on level 2 of the Spider Nest.
You worshipped Vehumet.
Vehumet was exalted by your worship.
You were very hungry.

You visited 5 branches of the dungeon, and saw 19 of its levels.
You also visited: Volcano.

You collected 2247 gold pieces.
You spent 1946 gold pieces at shops.

Inventory:

Hand Weapons
 x - the +6 mace of Disharmony (weapon) {crush, rC++ Int+3}
   (You found it on level 4 of the Dungeon)

   It will always inflict at least some extra damage.
   This minimum extra damage increases with your current reserve of magical
   power.
   It affects your intelligence (+3).
   It greatly protects you from cold.
Armour
 j - the +0 pair of hand wraps "Fists of Thunder" (worn) {elec, rElec Slay+2}
   (You bought it in a shop in the Orcish Mines)

   It affects your accuracy and damage with ranged weapons and melee attacks
   (+2).
   It insulates you from electricity.
 q - a +2 robe of magic resistance (worn)
 A - the +7 ice dragon scales of Undesirable Species {rF- rC++ Str+6, unknown}
   (You found it on level 1 of the Spider Nest)

   It affects your strength (+6).
   It makes you vulnerable to fire.
   It greatly protects you from cold.
 Q - a scarf of resistance (worn)
 R - a +2 hat (worn)
 U - a +2 pair of boots (worn)
 Y - a scarf of repulsion
Jewellery
 n - an amulet of magic regeneration (around neck)
 s - a +6 ring of intelligence (right hand)
 F - a +4 ring of evasion
 S - an uncursed ring of protection from fire
 Z - a +7 ring of intelligence (left hand)
Wands
 m - a wand of polymorph (15)
 u - a wand of paralysis (12)
 v - a wand of disintegration (6)
 H - a wand of random effects (10)
 J - a wand of charming (26)
 L - a wand of flame (32)
 M - a wand of iceblast (39)
 P - a wand of acid (4)
 V - a wand of clouds (4)
Scrolls
 b - 16 scrolls of remove curse
 h - 6 scrolls of enchant weapon
 i - a scroll of silence
 k - 6 scrolls of revelation
 p - 2 scrolls of amnesia
 t - a scroll of fog
 y - 6 scrolls of fear
 D - 2 scrolls of blinking
 G - 3 scrolls of noise
 I - 3 scrolls of teleportation
 K - 3 scrolls of immolation
 O - 6 scrolls of torment
 T - a scroll of enchant armour
Potions
 a - 8 potions of berserk rage
 c - 4 potions of brilliance
 d - 3 potions of mutation
 f - 2 potions of flight
 g - a potion of resistance
 l - 8 potions of curing
 o - 3 potions of lignification
 r - 4 potions of might
 w - 2 potions of agility
 z - 2 potions of magic
 C - 2 potions of ambrosia
 E - 3 potions of haste
 N - 2 potions of heal wounds
 W - 2 potions of invisibility
Miscellaneous
 B - a phial of floods
 X - a lamp of fire
Comestibles
 e - 47 rations {!d}


   Skills:
 - Level 12.0 Fighting
 - Level 15.0 Dodging
 - Level 2.1 Stealth
 - Level 0.1 Unarmed Combat
 - Level 15.0 Spellcasting
 - Level 16.0 Conjurations
 + Level 12.3 Ice Magic
 - Level 6.4 Air Magic
 - Level 0.2 Evocations


You had 10 spell levels left.
You knew the following spells:

 Your Spells              Type           Power        Failure   Level  Hunger
a - Magic Dart            Conj           ####         0%          1    None
c - Iskenderun's Mystic   Conj           ########     0%          3    None
e - Bolt of Cold          Conj/Ice       ########..   1%          6    ###....
f - Orb of Destruction    Conj           ########..   1%          7    #####..
g - Ozocubu's Refrigerat  Ice            #######...   1%          6    ###....
h - Freezing Cloud        Ice/Air        #######.     1%          5    None
i - Icicle Burst          Conj/Ice       ########..   1%          7    #####..

Your spell library contained the following spells:

 Spells                   Type           Power        Failure   Level  Hunger
 Bolt of Fire             Conj/Fire      #######...   1%          6    ###....
 Freeze                   Ice            ######       0%          1    None
 Searing Ray              Conj           ########     0%          2    None
 Throw Frost              Conj/Ice       ######       0%          2    None
 Throw Icicle             Conj/Ice       ########     0%          4    None
 Beastly Appendage        Tmut           ####..       1%          1    None
 Sandblast                Erth           ####..       1%          1    None
 Sting                    Conj/Pois      ####         1%          1    None
 Passwall                 Tmut/Erth      ####....     1%          2    None
 Poisonous Vapours        Pois/Air       ######       1%          2    None
 Sticks to Snakes         Tmut           ####....     1%          2    None
 Ignite Poison            Fire/Tmut/Pois ####....     1%          3    None
 Ozocubu's Armour         Chrm/Ice       ######..     1%          3    None
 Stone Arrow              Conj/Erth      ######       1%          3    None
 Fulminant Prism          Conj/Hex       #######...   1%          4    None
 Ice Form                 Ice/Tmut       ######..     1%          4    None
 Summon Ice Beast         Ice/Summ       ######..     1%          4    None
 Bolt of Draining         Conj/Necr      #######...   1%          5    None
 Irradiate                Conj/Tmut      #######...   1%          5    None
 Venom Bolt               Conj/Pois      #######...   1%          5    None
 Conjure Ball Lightning   Conj/Air       #######...   1%          6    ###....
 Iron Shot                Conj/Erth      #######...   1%          6    ###....
 Poison Arrow             Conj/Pois      #######...   1%          6    ###....
 Spider Form              Tmut/Pois      ###          2%          3    None
 Lee's Rapid Deconstruct  Erth           ####......   5%          5    None
 Olgreb's Toxic Radiance  Pois           ####.....    8%          4    None
 Petrify                  Tmut/Erth      ####......   8%          4    None
 Summon Scorpions         Summ/Pois      ####....     8%          4    None
 Blade Hands              Tmut           ####......   21%         5    None
 Tornado                  Tloc/Air       ######....   96%         8    ######.
 Summon Fire Elementals   Fire/Summ      ####.....    99%         7    #####..
 Shatter                  Erth           ####......   100%        9    #######


Dungeon Overview and Level Annotations

Branches:
Dungeon (9/12)             Temple (1/1) D:5            Lair (6/6) D:7
 Shoals (0/3) Lair:4       Spider (2/3) Lair:4        Slime (0/5) Orc
    Orc (1/1) D:9          Forest (0/3) Lair:6

Altars:
Ashenzari
Cheibriados
Dithmenos
Elyvilon
Fedhas
Gozag
Hepliaklqana
Kikubaaqudgha
Lugonu
Makhleb
Nemelex Xobeh
Okawaru
Qazlal
Ru
Sif Muna
Trog
Uskayaw
Vehumet
Wu Jian
Xom
Yredelemnul
Zin
The Shining One
Jiyva

Shops:
D:4 %   Orc [:(*

Annotations:
D:4 1 runed door
D:6 3 runed translucent doors, Wachungys's ghost, novice NaVM
Lair:6 1 runed door


Innate Abilities, Weirdness & Mutations

You can fly continuously.


Message History

You stop ascending the stairs.
Your surroundings suddenly seem different.
You start resting.
The redback is too close now for your liking.
A redback is nearby!
Unknown command.
Casting: Ozocubu's Refrigeration (safe; 1% risk of failure)
Confirm with . or Enter, or press ? or * to list all spells.
Aiming: Iskenderun's Mystic Blast (safe; 0% risk of failure)
Press: ? - help, Shift-Dir - straight line, f - redback
Aim: a redback (almost dead)
The orb of energy hits the redback!!
You kill the redback!
Vehumet accepts your kill.
You feel your power returning.
The orb of energy explodes!
Unknown command.
The orb of destruction hits you!!!
* * * LOW HITPOINT WARNING * * *
The orb of destruction hits you!!!
You die...

....†..†....^..
........°..°.>..
..†.....°.†.°...
...†.^..°...°..#
..†.........°..##
.........°.°....
.....†...°.°..#
........○.°..##
.......@○○..#≈#
........○...≈≈#
......^.....≈≈##
............≈≈≈#
...^.......≈≈≈##
.......#..≈≈≈##
........≈#≈≈##
.......≈≈≈###
.....≈≈≈≈≈


There were no monsters in sight!

Vanquished Creatures
  Gastronok (D:8)
  An orc warlord (Orc)
  13 hydras
  Erolcha (D:9)
  A two-headed ogre (D:8)
  A satyr (Lair:6)
  An orc high priest (Orc)
  16 death yaks
  2 fire crabs
  An orange crystal statue (Spider:1)
  4 orc knights (Orc)
  2 oklob plants (Lair:5)
  4 lindwurms
  A cyclops (D:9)
  15 wolf spiders
  6 orb spiders
  3 orc sorcerers (Orc)
  2 moths of wrath (Spider:1)
  2 merfolk sirens (Lair:4)
  2 molten gargoyles (Volcano)
  11 black mambas
  14 elephants
  A guardian serpent (Lair:6)
  4 demonic crawlers
  14 cane toads
  7 torpor snails
  9 jumping spiders
  8 komodo dragons
  4 rime drakes
  3 trolls
  2 queen bees
  2 merfolk (Lair:4)
  3 meliai (Lair:4)
  Grinder (D:4)
  14 tyrant leeches
  15 hornets
  A slime creature (Orc)
  11 hippogriffs
  18 dream sheep
  Sigmund (D:2)
  9 spriggans (Lair:6)
  29 yaks
  2 fire bats (Volcano)
  5 tarantellas
  11 wyverns
  2 steam dragons (Volcano)
  A vampire mosquito (D:9)
  3 basilisks
  26 redbacks
  2 hungry ghosts (D:9)
  2 wargs (Orc)
  An acid dragon (D:6)
  4 swamp worms (Spider:1)
  12 crocodiles
  2 hell hounds (Volcano)
  17 water moccasins
  9 porcupines
  23 orc warriors
  2 sky beasts
  An ice beast (D:8)
  A phantom (D:6)
  5 ogres
  24 wolves
  7 bullfrogs
  Blork the orc (D:6)
  4 centaurs
  69 killer bees
  A water moccasin skeleton (D:9)
  3 scorpions
  8 wights
  2 howler monkeys (D:7)
  13 orc priests
  3 crimson imps
  3 bullfrog zombies
  5 jellies
  5 lava snakes (Volcano)
  2 quasits
  2 hounds
  15 orc wizards
  A bullfrog skeleton (D:7)
  An iguana (D:6)
  14 worker ants
  Natasha (thrice) (D:4)
  A hound zombie (D:5)
  2 hound skeletons
  18 adders
  4 gnolls (D:2)
  A howler monkey skeleton (D:7)
  2 shadow imps
  3 oozes
  4 adder zombies
  2 adder skeletons (D:7)
  4 worms
  A dart slug (D:3)
  6 leopard geckos
  21 orcs
  6 bats
  6 giant cockroaches
  4 goblins
  9 hobgoblins
  10 jackals
  11 kobolds
  A quokka (D:3)
  A ball python (D:1)
  6 frilled lizards
  A jackal skeleton (D:4)
  A rat (D:1)
  4 fungi
  13 plants
719 creatures vanquished.

Vanquished Creatures (others)
  3 bushes
  32 fungi
  91 plants
126 creatures vanquished.

Grand Total: 845 creatures vanquished

Notes
Turn   | Place    | Note
-------+----------+-------------------------------------------
     0 | D:1      | Galewind the Avariel Conjurer began the quest for the Orb.
     0 | D:1      | Reached XP level 1. HP: 10/10 MP: 6/6
   314 | D:1      | Reached XP level 2. HP: 15/15 MP: 4/7
   418 | D:1      | Reached skill level 6 in Conjurations
   523 | D:1      | Learned a level 2 spell: Searing Ray
   533 | D:1      | Reached XP level 3. HP: 19/19 MP: 5/9
   537 | D:1      | Learned a level 3 spell: Iskenderun's Mystic Blast
  1501 | D:2      | Reached XP level 4. HP: 14/24 MP: 3/10
  1643 | D:2      | Reached skill level 7 in Conjurations
  2353 | D:2      | Reached XP level 5. HP: 28/28 MP: 7/12
  2396 | D:2      | Noticed Sigmund
  2410 | D:2      | Killed Sigmund
  2411 | D:2      | Reached XP level 6. HP: 17/33 MP: 6/15
  2961 | D:3      | Reached skill level 8 in Conjurations
  2986 | D:3      | Reached skill level 5 in Spellcasting
  3208 | D:3      | Found a faded altar of an unknown god.
  3528 | D:4      | Noticed Natasha
  3531 | D:4      | Killed Natasha
  3590 | D:4      | Noticed Natasha
  3593 | D:4      | Killed Natasha
  3594 | D:4      | Reached XP level 7. HP: 37/37 MP: 13/17
  3637 | D:4      | Got a bloodstained mace
  3640 | D:4      | Found a runed door.
  3663 | D:4      | Identified the +6 mace of Disharmony {crush, rC++ Int+3}
                  | (You found it on level 4 of the Dungeon)
  3668 | D:4      | Reached skill level 1 in Fighting
  3700 | D:4      | Noticed Natasha
  3702 | D:4      | Killed Natasha
  3795 | D:4      | Found a snail-covered altar of Cheibriados.
  3796 | D:4      | Noticed Grinder
  3800 | D:4      | Killed Grinder
  3801 | D:4      | Reached skill level 9 in Conjurations
  3847 | D:4      | Found a burning altar of Makhleb.
  4037 | D:4      | Reached XP level 8. HP: 41/43 MP: 13/20
  4065 | D:4      | Found Noceacen's Food Shoppe.
  4227 | D:5      | Entered Level 5 of the Dungeon
  4249 | D:5      | Found a staircase to the Ecumenical Temple.
  4265 | Temple   | Entered the Ecumenical Temple
  4441 | Temple   | Became a worshipper of Vehumet
  4936 | D:5      | Reached skill level 10 in Conjurations
  5150 | D:6      | Noticed a hippogriff
  5157 | D:6      | Killed a hippogriff
  5415 | D:6      | Reached skill level 11 in Conjurations
  5450 | D:6      | Gained mutation: You can fly continuously. [Avariel growth]
  5450 | D:6      | Reached XP level 9. HP: 38/48 MP: 16/23
  5491 | D:6      | Reached * piety under Vehumet
  5491 | D:6      | Offered knowledge of Flame Tongue by Vehumet.
  5675 | D:6      | Found a runed translucent gate.
  5675 | D:6      | Found a runed translucent gate.
  5675 | D:6      | Found a runed translucent gate.
  5682 | D:6      | Noticed Wachungys's ghost (novice NaVM)
  5862 | D:6      | Noticed Blork the orc
  5868 | D:6      | Killed Blork the orc
  5903 | D:6      | Noticed a troll
  5907 | D:6      | Killed a troll
  5908 | D:6      | Reached skill level 10 in Spellcasting
  6224 | D:7      | Noticed a troll
  6227 | D:7      | Killed a troll
  6228 | D:7      | Reached skill level 12 in Conjurations
  6359 | D:7      | Found a staircase to the Lair.
  6359 | D:7      | Noticed a komodo dragon
  6479 | D:7      | Killed a komodo dragon
  6479 | D:7      | Reached ** piety under Vehumet
  6479 | D:7      | Offered knowledge of Throw Frost by Vehumet.
  6480 | D:7      | Reached XP level 10. HP: 53/53 MP: 4/27
  6989 | D:7      | Found a shimmering blue altar of Sif Muna.
  7210 | D:7      | Reached skill level 13 in Conjurations
  7471 | D:8      | Noticed Gastronok
  7480 | D:8      | Killed Gastronok
  7481 | D:8      | Reached skill level 5 in Dodging
  7481 | D:8      | Reached skill level 14 in Conjurations
  7481 | D:8      | Reached XP level 11. HP: 57/57 MP: 7/30
  7570 | D:8      | Noticed a two-headed ogre
  7575 | D:8      | Killed a two-headed ogre
  7576 | D:8      | Reached skill level 15 in Conjurations
  7946 | D:8      | Offered knowledge of Stone Arrow by Vehumet.
  7998 | D:9      | Found a staircase to the Orcish Mines.
  8062 | D:9      | Noticed a cyclops
  8181 | Lair:1   | Entered Level 1 of the Lair of Beasts
  8204 | Lair:1   | Noticed a wolf spider
  8204 | Lair:1   | Reached *** piety under Vehumet
  8273 | D:7      | Killed a wolf spider
  8555 | Lair:1   | Reached skill level 16 in Conjurations
  8620 | Lair:1   | Offered knowledge of Throw Icicle by Vehumet.
  8625 | Lair:1   | Reached skill level 15 in Spellcasting
  8627 | Lair:1   | Noticed a five-headed hydra
  8630 | Lair:1   | Killed a five-headed hydra
  8631 | Lair:1   | Reached XP level 12. HP: 62/62 MP: 19/33
  8784 | Lair:1   | Learned a level 4 spell: Throw Icicle
  9515 | Lair:2   | Found a dark tunnel.
  9531 | Volcano  | Entered a volcano
  9952 | Volcano  | Found a radiant altar of Vehumet.
  9987 | Volcano  | Reached **** piety under Vehumet
 10062 | Volcano  | Reached skill level 10 in Dodging
 10221 | Lair:2   | Noticed a five-headed hydra
 10231 | Lair:2   | Killed a five-headed hydra
 10357 | Lair:2   | Noticed a death yak
 10358 | Lair:2   | Noticed a death yak
 10359 | Lair:2   | Noticed a death yak
 10359 | Lair:2   | Noticed a death yak
 10362 | Lair:2   | Killed a death yak
 10363 | Lair:2   | Killed a death yak
 10363 | Lair:2   | Offered knowledge of Conjure Flame by Vehumet.
 10364 | Lair:2   | Noticed a six-headed hydra
 10365 | Lair:2   | Killed a death yak
 10401 | Lair:2   | Killed a death yak
 10431 | Lair:2   | Killed a six-headed hydra
 10434 | Lair:2   | Reached XP level 13. HP: 38/70 MP: 20/34
 11220 | Lair:3   | Reached skill level 5 in Fighting
 11303 | Lair:3   | Found a basalt altar of Yredelemnul.
 11316 | Lair:3   | Learned a level 6 spell: Bolt of Cold
 11860 | Lair:4   | Reached skill level 1 in Ice Magic
 11883 | Lair:4   | Reached ***** piety under Vehumet
 11883 | Lair:4   | Offered knowledge of Conjure Ball Lightning by Vehumet.
 12004 | Lair:4   | Reached skill level 5 in Ice Magic
 12686 | Lair:4   | Reached XP level 14. HP: 82/82 MP: 27/35
 12687 | Lair:4   | Offered knowledge of Orb of Destruction by Vehumet.
 12696 | Lair:4   | Learned a level 7 spell: Orb of Destruction
 12742 | Lair:4   | Found a hole to the Spider Nest.
 12920 | Lair:4   | Found a staircase to the Shoals.
 13360 | Lair:5   | Reached skill level 10 in Ice Magic
 14533 | Lair:6   | Entered Level 6 of the Lair of Beasts
 14555 | Lair:5   | Reached skill level 10 in Fighting
 14842 | Lair:6   | Identified the ring of Gaishummai {Ice +Fly}
 14856 | Lair:6   | Offered knowledge of Ozocubu's Refrigeration by Vehumet.
 14965 | Lair:6   | Reached XP level 15. HP: 92/92 MP: 32/36
 14972 | Lair:6   | Learned a level 6 spell: Ozocubu's Refrigeration
 15644 | Lair:6   | Found a staircase to the Spriggan Forest.
 16005 | Lair:6   | Found a runed door.
 17004 | D:9      | Noticed Erolcha
 17006 | D:9      | Killed Erolcha
 17134 | Orc      | Entered the Orcish Mines
 17176 | Orc      | Noticed an orc warlord
 17182 | Orc      | Found a roughly hewn altar of Beogh.
 17194 | Orc      | Killed an orc warlord
 17326 | Orc      | Offered knowledge of Freezing Cloud by Vehumet.
 17351 | Orc      | Found Wiraotu's Antique Weapon Boutique.
 17632 | Orc      | Found Unalaub's General Store.
 17640 | Orc      | Bought a scroll of silence for 105 gold pieces
 17640 | Orc      | Bought a scroll of identify for 28 gold pieces
 17640 | Orc      | Bought a scroll of identify for 28 gold pieces
 17655 | Orc      | Found Ucexzakk's Book Boutique.
 17669 | Orc      | Learned a level 5 spell: Freezing Cloud
 17669 | Orc      | Bought a book of the Tempests for 770 gold pieces
 17677 | Orc      | Learned a level 7 spell: Icicle Burst
 17702 | Orc      | Found a viscous altar of Jiyva.
 17706 | Orc      | Found a staircase to the Slime Pits.
 17931 | Orc      | Found Idelexo's Antique Armour Boutique.
 18206 | Orc      | Bought the +0 pair of hand wraps "Fists of Thunder" {elec,
                  | rElec Slay+2} for 1015 gold pieces
 18206 | Orc      | Found the +0 pair of hand wraps "Fists of Thunder" {elec,
                  | rElec Slay+2}
 18351 | Spider:1 | Entered Level 1 of the Spider Nest
 18427 | Spider:1 | Reached skill level 15 in Dodging
 18443 | Spider:1 | Reached XP level 16. HP: 100/100 MP: 20/37
 18613 | Spider:1 | Reached ****** piety under Vehumet
 18688 | Spider:1 | Reached skill level 1 in Air Magic
 18833 | Spider:1 | Offered knowledge of Bolt of Fire by Vehumet.
 19130 | Spider:1 | Got ichor-stained ice dragon scales
 19248 | Spider:2 | Reached skill level 5 in Air Magic
 19268 | Spider:2 | Blown up by an orb spider

Skill      XL: |  1  2  3  4  5  6  7  8  9 10 11 12 13 14 15 16 |
---------------+-------------------------------------------------+-----
Conjurations   | 6 7 8 9 11 12 14 16 | 16.0
Spellcasting   | 3 4 5 7 8 11 13 15 | 15.0
Dodging        | 3 4 5 6 12 15 | 15.0
Fighting       | 1 2 3 7 10 11 12 | 12.0
Ice Magic      | 8 11 12 | 12.3
Air Magic      | 6 |  6.4
Stealth        | |  2.1
Unarmed Combat | |  0.1
Evocations     | |  0.2

Action                   |  1- 3 |  4- 6 |  7- 9 | 10-12 | 13-15 | 16-18 || total
-------------------------+-------+-------+-------+-------+-------+-------++-------
Melee: Unarmed           |     1 |       |       |       |       |       ||     1
       Mace              |       |       |     5 |       |    13 |       ||    18
 Cast: Magic Dart        |    77 |    53 |       |       |       |       ||   130
       Searing Ray       |       |    10 |     3 |     1 |     2 |       ||    16
       Iskenderun's Myst |       |    10 |   114 |   193 |   517 |    72 ||   906
       Bolt of Cold      |       |       |       |       |    87 |     8 ||    95
       Throw Icicle      |       |       |       |       |     3 |       ||     3
       Orb of Destructio |       |       |       |       |     2 |     1 ||     3
       Ozocubu's Refrige |       |       |       |       |     7 |    11 ||    18
       Icicle Burst      |       |       |       |       |       |     4 ||     4
Evoke: Wand              |       |       |     1 |     1 |     9 |       ||    11
  Use: Scroll            |     4 |       |     3 |    12 |    14 |     1 ||    34
       Potion            |       |     1 |       |       |       |       ||     1
 Stab: Paralysed         |       |       |     3 |       |       |       ||     3
  Eat: Chunk             |     3 |     8 |     7 |    13 |    37 |     3 ||    71
       Ration            |       |       |     1 |       |       |       ||     1
Armor: Robe              |    12 |     6 |    12 |    18 |    19 |     5 ||    72
Dodge: Dodged            |    16 |    11 |    21 |   108 |   154 |    11 ||   321
